Map: Nightshade LE

Players

Kolo

  • Race: Terran Terran
  • League: Diamond
  • Spawn Location: 5:00

A.I. 1 (Medium)

  • Race: Zerg Zerg
  • Spawn Location: 11:00

VOD

Have the link to the VOD?

Description

Time

  • Played on: April 3, 2020, 5:51 p.m.
  • Length: 4:16
Show
View Real Time Build Order
Export as new Build Order

Kolo Terran 

Build Orders: Reaper Expand 

Get SALT Encoding   

  1  0:00  Orbital Command  
  12  0:03  SCV x12  
  13  0:23  SCV  
  13  0:35  SCV  
  13  0:40  Supply Depot  
  14  0:47  SCV  
  15  1:03  Barracks, SCV  
  16  1:06  Refinery  
  16  1:15  SCV  
  17  1:29  SCV  
  18  1:42  SCV  
  19  1:53  Reaper  
  20  1:54  Orbital Command  
  20  2:07  Command Center  
  20  2:16  Supply Depot  
  20  2:20  SCV  
  21  2:25  Marine  
  22  2:32  SCV  
  22  2:36  Factory  
  23  2:45  SCV, Barracks Reactor  
  23  2:47  Refinery  
  24  2:57  SCV  
  25  3:09  SCV  
  26  3:21  Starport  
  26  3:25  SCV  
  27  3:27  Orbital Command  
  27  3:29  Hellion x2  
  31  3:34  Barracks Tech Lab  
  31  3:39  SCV  
  32  3:43  Supply Depot  
  32  3:51  Hellion x2  
  36  4:00  SCV x2  
  41  4:11  Supply Depot  
Show
View Real Time Build Order
Export as new Build Order

A.I. 1 (Medium) Zerg 

Build Orders: Hatch First 

Get SALT Encoding   

  1  0:00  Overlord  
  12  0:03  Drone x12  
    0:15  Unknown  
  13  0:24  Drone  
  13  0:34  Drone  
  14  0:48  Overlord  
  14  1:07  Drone x3  
  17  1:18  Drone  
  18  1:43  Hatchery  
  17  1:57  Spawning Pool  
  17  2:00  Drone  
  17  2:04  Extractor  
  17  2:07  Drone  
  17  2:17  Overlord  
  17  2:45  Zergling x2  
  17  2:46  Queen  
  17  2:48  Drone  
  17  2:50  Zergling x2  
  22  3:06  Roach Warren  
  22  3:10  Drone  
  22  3:14  Extractor  
  22  3:17  Drone  
  22  3:32  Baneling Nest  
  21  3:38  Drone  
  22  3:44  Zergling x2  
  23  3:51  Zergling x2  
  24  3:57  Zergling x2  
Tags
 
Add a new tag
Caveats
  • Supply blocks, unpowered buildings, or Contaminate may cause inaccurate times.
  • Supply counts are checked every 10 seconds.